 Dungeon Crawl Stone Soup version bcrawl-1.21.2-28-g2cb1824106 (webtiles) character file.

Game seed: 15953245750697815374

483 MisterOstroum the Poker (level 6, -2/56 HPs)
             Began as a Draconian Wanderer on Mar 12, 2020.
             Slain by Pikel
             ... wielding a +2 whip of freezing
              (8 damage)
             ... on level 3 of the Dungeon.
             The game lasted 00:14:56 (5050 turns).

MisterOstroum the Poker (Draconian Wanderer)        Turns: 5050, Time: 00:14:56

Health: -2/56      AC:  6    Str: 12    XL:     6   Next: 88%
Magic:  1/8        EV: 13    Int: 18    God:
Gold:   160        SH:  0    Dex:  9    Spells: 5/7 levels left

rFire    . . .     SeeInvis .   k - +0 trident
rCold    . . .     Gourm    .   (no shield)
rNeg     . . .     Faith    .   (armour unavailable)
rPois    .         Spirit   .   (helmet restricted)
rElec    +         Reflect  .   (no cloak)
rCorr    .         Harm     .   (no gloves)
MR       .....                  (no boots)
Stlth    +.........             (no amulet)
HPRegen  0.18/turn              d - ring of insulation
MPRegen  0.11/turn              j - +1 ring of evasion

@: very slightly contaminated, slowed, invisible, very slow
A: unfitting armour, cold-blooded, AC +6
a: no special abilities


You were on level 3 of the Dungeon.
You were hungry.

You visited 1 branch of the dungeon, and saw 4 of its levels.

You collected 160 gold pieces.

Inventory:

Hand Weapons
 a - a +0 dagger
 f - a +0 hunting sling
 k - a +0 trident (weapon)
Missiles
 b - 786 sling bullets
 c - 166 tomahawks (quivered)
 g - 336 arrows
 h - 507 bolts
 r - 219 stones
Jewellery
 d - a ring of insulation (left hand)
 j - a +1 ring of evasion (right hand)
Scrolls
 m - a scroll of noise {unknown}
 n - a scroll of fear {!r}
Potions
 l - a potion of invisibility
 o - a potion of heal wounds {@q2 !q}
 p - a potion of lignification {unknown}
Comestibles
 e - 4 rations {!d}
 i - 2 chunks of flesh


   Skills:
 - Level 5.0 Fighting
 * Level 5.3 Polearms
   Level 1.0 Bows
 - Level 1.0 Throwing
 - Level 1.4 Dodging
 - Level 1.5 Stealth
   Level 1.0 Shields
 - Level 1.4 Spellcasting
 - Level 2.1 Ice Magic
 - Level 2.4 Earth Magic


You had 5 spell levels left.
You knew the following spells:

 Your Spells              Type           Power        Failure   Level  Hunger
a - Sandblast             Erth           #.....       7%          1    ##.....
b - Freeze                Ice            #.....       9%          1    ##.....

Your spell library contained the following spells:

 Spells                   Type           Power        Failure   Level  Hunger
 Throw Frost              Conj/Ice       #.....       8%          2    ###....
 Passwall                 Tmut/Erth      #.......     19%         2    ###....
 Stone Arrow              Conj/Erth      #.....       34%         3    ####...
 Ozocubu's Armour         Chrm/Ice       #.......     36%         3    ####...
 Petrify                  Tmut/Erth      #.......     75%         4    #####..
 Summon Ice Beast         Ice/Summ       #.......     77%         4    #####..
 Throw Icicle             Conj/Ice       #.......     77%         4    #####..
 Lee's Rapid Deconstruct  Erth           #.........   89%         5    ######.


Dungeon Overview and Level Annotations

Branches:
Dungeon (4/12)
 Temple: D:4-7

Altars:
Fedhas
Xom
Zin

Annotations:
D:3 Pikel


Innate Abilities, Weirdness & Mutations

Your plain brown scales are hard. (AC +6)
You cannot fit into any form of body armour.
You are cold-blooded and may be slowed by cold attacks.


Message History

Pikel barely misses you.
Pikel hits you with a +2 whip of freezing!
Pikel freezes you.
Casting: Sandblast (safe; 7% risk of failure)
Confirm with . or Enter, or press ? or * to list all spells.
Aiming: Freeze (safe; 9% risk of failure)
Press: ? - help, Shift-Dir - straight line, f/p - Pikel
Aim: Pikel, wielding a +2 whip of freezing and wearing a +0 robe (moderately wounded)
You freeze Pikel.
Pikel is heavily wounded.
Pikel hits you with a +2 whip of freezing.
Pikel freezes you.
Unknown command.
Casting: Freeze (safe; 9% risk of failure)
Confirm with . or Enter, or press ? or * to list all spells.
Aiming: Freeze (safe; 9% risk of failure)
Press: ? - help, Shift-Dir - straight line, f/p - Pikel
Aim: Pikel, wielding a +2 whip of freezing and wearing a +0 robe (heavily wounded)
You freeze Pikel.
Pikel is heavily wounded.
Pikel misses you.
Casting: Freeze (safe; 9% risk of failure)
Confirm with . or Enter, or press ? or * to list all spells.
Aiming: Freeze (safe; 9% risk of failure)
Press: ? - help, Shift-Dir - straight line, f/p - Pikel
Aim: Pikel, wielding a +2 whip of freezing and wearing a +0 robe (heavily wounded)
You freeze Pikel.
Pikel is heavily wounded.
Pikel hits you with a +2 whip of freezing.
You feel yourself slow down. Pikel freezes you.
Pikel hits you with a +2 whip of freezing!
You feel as though you will be slow longer.
Pikel freezes you.
You fade into invisibility!
Pikel drinks a potion.
Pikel is healed!
You feel yourself speed up.
Pikel hits you with a +2 whip of freezing.
Pikel freezes you. Pikel waves his whip at you.
Attack whom?
Press: ? - help, Dir - move target cursor, f/p - Pikel
Aim: Pikel, wielding a +2 whip of freezing and wearing a +0 robe (lightly wounded)
You reach to attack!
You hit Pikel.
Pikel is moderately wounded.
Pikel says, "It's all about the gold, really."
Casting: Freeze (safe; 9% risk of failure)
Confirm with . or Enter, or press ? or * to list all spells.
Aiming: Sandblast (safe; 7% risk of failure)
Press: ? - help, Shift-Dir - straight line, f/p - Pikel
Aim: Pikel, wielding a +2 whip of freezing and wearing a +0 robe (moderately wounded)
The blast of sand hits Pikel.
Pikel is moderately wounded.
r - 239 stones Pikel barely misses you.
Casting: Sandblast (safe; 7% risk of failure)
Confirm with . or Enter, or press ? or * to list all spells.
Aiming: Sandblast (safe; 7% risk of failure)
Press: ? - help, Shift-Dir - straight line, f/p - Pikel
Aim: Pikel, wielding a +2 whip of freezing and wearing a +0 robe (moderately wounded)
You miscast Sandblast.
Nothing appears to happen.
Pikel hits you with a +2 whip of freezing!
You feel yourself slow down. Pikel freezes you.
* * * LOW HITPOINT WARNING * * *
Casting: Sandblast (safe; 7% risk of failure)
Confirm with . or Enter, or press ? or * to list all spells.
Aiming: Sandblast (safe; 7% risk of failure)
Press: ? - help, Shift-Dir - straight line, f/p - Pikel
Aim: Pikel, wielding a +2 whip of freezing and wearing a +0 robe (moderately wounded)
The blast of sand hits Pikel but does no damage.
Pikel is moderately wounded.
r - 229 stones You are feeling hungry.
Pikel hits you but does no damage. x2
Casting: Sandblast (safe; 7% risk of failure)
Confirm with . or Enter, or press ? or * to list all spells.
Aiming: Sandblast (safe; 7% risk of failure)
Press: ? - help, Shift-Dir - straight line, f/p - Pikel
Aim: Pikel, wielding a +2 whip of freezing and wearing a +0 robe (moderately wounded)
The blast of sand hits Pikel but does no damage.
Pikel is moderately wounded.
r - 219 stones You feel yourself speed up.
Pikel barely misses you.
Casting: Sandblast (safe; 7% risk of failure)
Confirm with . or Enter, or press ? or * to list all spells.
Okay, then.
You closely miss Pikel.
Pikel is moderately wounded.
Pikel closely misses you.
You barely miss Pikel.
Pikel is moderately wounded.
Pikel hits you with a +2 whip of freezing!
* * * LOW HITPOINT WARNING * * *
You feel yourself slow down. Pikel freezes you.
* * * LOW HITPOINT WARNING * * *
You hit Pikel but do no damage.
Pikel is moderately wounded.
Pikel hits you with a +2 whip of freezing!
You die...

.############# #.#
.............# #.#
############.# #.#
#.# #.# #.# #.#
#.##### #.# #.#.).#
#.# #.....###.#
###..@K...# ##
##########.#.####
.# #......>...#.#
.# #.##########.#
.# ##.## #.# )#
##...#########.#
[###(.#...........#
..[......##########
.###.#.#.#########


You could see Pikel.

Vanquished Creatures
  A scorpion (D:4)
  A crimson imp (D:4)
  3 hounds (D:4)
  2 orc wizards (D:4)
  An orc priest (D:3)
  2 worker ants (D:4)
  A killer bee zombie (D:4)
  3 gnolls
  3 adders
  3 worms
  4 leopard geckos
  16 orcs
  A ball python (D:2)
  2 bats (D:1)
  6 goblins
  8 hobgoblins
  11 jackals
  9 kobolds
  3 quokkas
  4 frilled lizards (D:1)
  5 rats
89 creatures vanquished.

Notes
Turn   | Place    | Note
-------+----------+-------------------------------------------
     0 | D:1      | MisterOstroum the Draconian Wanderer began the quest for
                  | the Orb.
     0 | D:1      | MisterOstroum set off with the following items: a +0
                  | dagger, 106 tomahawks, a ration {!d}; and the following
                  | spells available to memorise: Sandblast, Throw Frost,
                  | Freeze, Passwall, Stone Arrow, Ozocubu's Armour, Petrify,
                  | Summon Ice Beast, Throw Icicle, Lee's Rapid Deconstruction
     0 | D:1      | Reached XP level 1. HP: 22/22 MP: 2/2
     2 | D:1      | Learned a level 1 spell: Sandblast
     4 | D:1      | Learned a level 1 spell: Freeze
   247 | D:1      | Reached XP level 2. HP: 18/28 MP: 0/3
   757 | D:1      | Reached skill level 1 in Stealth
   757 | D:1      | Reached skill level 1 in Ice Magic
   906 | D:2      | Reached skill level 1 in Dodging
   913 | D:2      | Reached XP level 3. HP: 30/34 MP: 1/4
  1869 | D:3      | Found a blossoming altar of Fedhas.
  2275 | D:2      | Reached XP level 4. HP: 25/41 MP: 1/6
  2886 | D:3      | Reached skill level 1 in Polearms
  3266 | D:3      | Found a glowing silver altar of Zin.
  3377 | D:3      | Reached XP level 5. HP: 35/47 MP: 7/7
  3454 | D:3      | Found a shimmering altar of Xom.
  3567 | D:3      | Reached skill level 5 in Fighting
  4261 | D:4      | Reached XP level 6. HP: 56/56 MP: 3/8
  4740 | D:4      | Reached skill level 5 in Polearms
  4990 | D:4      | Noticed Pikel
  4990 | D:4      | Noticed a slave
  4990 | D:4      | Noticed a slave
  4990 | D:4      | Noticed a slave
  5050 | D:3      | Slain by Pikel

Skill      XL: |  1  2  3  4  5  6 |
---------------+-------------------+-----
Stealth        | 1 |  1.5
Ice Magic      | 1 2 |  2.1
Dodging        | 1 |  1.4
Polearms       | 1 3 5 |  5.3
Fighting       | 5 |  5.0
Bows           | |  1.0
Throwing       | |  1.0
Shields        | |  1.0
Spellcasting   | |  1.4
Earth Magic    | |  2.4

Action                   |  1- 3 |  4- 6 || total
-------------------------+-------+-------++-------
Melee: Dagger            |    77 |    12 ||    89
       Tailslap          |    10 |    13 ||    23
       Trident           |       |   148 ||   148
Throw: Tomahawk          |    17 |    18 ||    35
 Cast: Freeze            |    24 |    66 ||    90
       Sandblast         |    16 |    13 ||    29
  Use: Scroll            |       |     6 ||     6
       Potion            |       |     1 ||     1
 Stab: Sleeping          |       |     2 ||     2
  Eat: Chunk             |     2 |    11 ||    13
       Ration            |     1 |       ||     1
Armor: Skin              |    43 |    77 ||   120
Dodge: Dodged            |    95 |   189 ||   284
